Map: Overgrown Facility

Players

ArkhamArchon

  • Race: Protoss Protoss
  • League: Diamond
  • Spawn Location: 3:00

pigernator

  • Race: Zerg Zerg
  • League: Gold
  • Spawn Location: 1:00

Throwfordays

  • Race: Zerg Zerg
  • League: Silver
  • Spawn Location: 9:00

Faust

  • Race: Zerg Zerg
  • League: Diamond
  • Spawn Location: 7:00

VOD

Have the link to the VOD?

Description

Time

  • Played on: May 17, 2019, 7:33 p.m.
  • Length: 8:33
Show
View Real Time Build Order
Export as new Build Order

ArkhamArchon Protoss 

Build Orders:  

Get SALT Encoding   

  12  0:01  Probe  
  14  0:19  Probe  
  14  0:22  Pylon  
  14  0:31  Probe  
  15  0:43  Probe  
  16  0:51  Probe  
  17  1:10  Nexus  
  17  1:13  Probe  
  18  1:30  Gateway, Probe  
  19  1:34  Assimilator  
  19  1:38  Probe  
  19  1:46  Probe  
  19  1:47  Pylon  
  20  1:58  Probe  
  20  2:00  Gateway  
  21  2:07  Assimilator  
  21  2:12  Probe  
  22  2:17  Cybernetics Core  
  22  2:21  Zealot, Probe  
  25  2:31  Probe  
  25  2:32  Probe  
  27  2:42  Probe  
  28  2:52  Warp Gate  
  28  2:53  Gateway  
  28  2:55  Robotics Facility  
  28  3:03  Adept  
  30  3:12  Probe x2  
  32  3:24  Probe  
  33  3:35  Pylon  
  31  3:52  Observer  
  31  3:54  Probe x2  
  32  4:06  Probe  
  32  4:08  Warp Prism  
  32  4:09  Gateway  
  33  4:14  Stalker  
  33  4:15  Gateway  
  33  4:16  Zealot  
  39  4:27  Pylon  
  39  4:33  Shield Battery  
  39  4:37  Gateway  
  39  4:40  Twilight Council  
  39  4:54  Zealot x2  
  39  4:55  Zealot  
  45  5:06  Charge  
  45  5:10  Probe  
  45  5:11  Probe  
  47  5:15  Pylon  
  47  5:18  Pylon  
  47  5:23  Probe x2  
  49  5:35  Zealot x2  
  49  5:36  Zealot x4  
  61  5:58  Stalker x4  
  61  6:03  Pylon  
  69  6:05  Pylon  
  69  6:27  Zealot x2  
  69  6:28  Zealot x4  
  73  6:39  Nexus  
  69  6:55  Zealot x3  
  69  6:56  Zealot  
  61  7:17  Zealot  
  61  7:18  Zealot x4  
  57  7:43  Zealot x5  
  57  7:44  Zealot  
  57  7:53  Forge  
  57  7:56  Forge  
  57  8:02  Probe x3  
  60  8:14  Probe  
  61  8:30  Stalker x2  
  61  8:31  Stalker x4  
Show
View Real Time Build Order
Export as new Build Order

pigernator Zerg 

Build Orders: Hatch First 

Get SALT Encoding   

  12  0:02  Drone  
  13  0:15  Overlord  
  13  0:19  Drone  
  14  0:33  Drone x2  
  16  0:39  Drone  
  17  0:56  Hatchery  
  16  0:58  Drone  
  17  1:11  Spawning Pool  
  17  1:14  Drone  
  17  1:18  Extractor  
  17  1:20  Drone  
  17  1:35  Drone x2  
  19  1:42  Drone  
  20  1:52  Overlord  
  20  2:13  Roach Warren  
  20  2:14  Queen x2  
  23  2:17  Drone  
  23  2:21  Drone  
  25  2:32  Drone x3  
  28  2:38  Extractor  
  28  2:40  Overlord  
  27  2:50  Metabolic Boost  
  27  2:56  Zergling x2  
  28  3:00  Roach x2  
  28  3:02  Roach  
  34  3:09  Drone  
  34  3:10  Drone  
  34  3:11  Roach  
  38  3:18  Drone x2  
  39  4:03  Roach x2  
  39  4:09  Lair, Overlord x2  
  43  4:13  Spine Crawler  
  43  4:15  Spine Crawler  
  41  4:31  Roach x4  
  49  4:43  Roach  
  38  5:02  Roach  
  38  5:12  Drone x4  
  38  5:13  Drone x4  
  46  5:16  Ravager  
  38  5:42  Roach x5  
  46  5:45  Queen  
  47  5:54  Drone  
  47  5:55  Drone x2  
  47  5:57  Queen  
  50  5:58  Glial Reconstitution  
  52  6:06  Overlord x2  
  52  6:17  Roach x2  
  56  6:22  Spine Crawler  
  56  6:23  Spine Crawler  
  54  6:29  Drone x2  
  56  6:40  Zergling x2  
  56  6:41  Zergling x2  
  58  6:48  Drone x2  
  60  7:06  Zergling x4  
  60  7:07  Zergling x4  
  64  7:22  Zergling x8  
  68  7:23  Zergling x4  
  69  8:01  Zergling x4  
  69  8:02  Zergling x8  
  75  8:11  Extractor  
  75  8:12  Extractor  
Show
View Real Time Build Order
Export as new Build Order

Throwfordays Zerg 

Build Orders: Hatch First 

Get SALT Encoding   

  12  0:01  Drone  
  13  0:08  Drone  
  14  0:17  Overlord  
  14  0:42  Hatchery  
  13  0:47  Drone  
  14  0:50  Drone  
  14  0:53  Drone  
  16  1:00  Extractor  
  15  1:14  Spawning Pool  
  15  1:16  Drone  
  15  1:20  Drone  
  16  1:28  Drone  
  17  1:33  Drone  
  18  1:42  Overlord  
  19  1:54  Drone  
  19  1:58  Drone  
  20  2:01  Queen  
  20  2:05  Queen  
  24  2:10  Drone  
  24  2:14  Drone  
  26  2:18  Zergling x2  
  26  2:22  Metabolic Boost  
  27  2:26  Zergling x2  
  28  2:36  Zergling x2  
  29  2:40  Drone x3  
  32  2:47  Lair  
  32  2:55  Zergling x2  
  33  3:09  Hatchery  
  33  3:10  Zergling x4  
  34  3:14  Zergling x4  
  36  3:20  Overlord  
  36  3:31  Extractor  
  36  3:32  Drone  
  36  3:53  Drone x3  
  36  3:55  Zergling x4  
  41  4:00  Drone x3  
  44  4:03  Overlord x2  
  44  4:14  Nydus Network  
  44  4:17  Zergling x2  
  44  4:18  Overlord  
  44  4:27  Drone  
  44  4:29  Drone  
  44  4:31  Zergling x4  
  48  4:34  Queen  
  48  4:35  Drone x2  
  48  4:38  Drone x2  
  54  4:40  Drone  
  54  4:42  Drone  
  54  4:44  Drone  
  57  4:47  Drone  
  57  4:49  Drone  
  59  5:00  Nydus Canal  
  53  5:38  Baneling Nest  
  53  5:41  Drone x3  
  49  5:49  Zergling x10  
  53  5:54  Drone x6  
  59  5:58  Extractor  
  59  5:59  Extractor  
  59  6:02  Zergling x2  
  58  6:22  Zergling x8  
  58  6:24  Baneling x2  
  62  6:28  Drone x5  
  67  6:36  Drone  
  67  6:37  Drone x2  
  67  6:38  Zergling x4  
  67  6:39  Zergling x2  
  68  6:45  Baneling x3  
  68  6:46  Baneling x5  
  68  6:47  Centrifical Hooks  
  68  6:57  Zergling x12  
  69  7:17  Zergling x2  
  69  7:21  Zergling x10  
  35  7:53  Zergling x8  
Show
View Real Time Build Order
Export as new Build Order

Faust Zerg 

Build Orders: Hatch First 

Get SALT Encoding   

  12  0:01  Drone  
  13  0:08  Drone  
  14  0:14  Extractor  
  14  0:16  Drone  
  15  0:23  Overlord  
  15  0:42  Drone x2  
  17  0:56  Hatchery  
  16  0:58  Drone  
  16  1:03  Extractor  
  16  1:04  Drone  
  16  1:07  Drone  
  18  1:21  Spawning Pool  
  18  1:25  Drone  
  18  1:29  Drone  
  19  1:48  Overlord  
  19  2:08  Queen x2, Metabolic Boost  
  19  2:11  Zergling x2  
  19  2:15  Zergling x2  
  25  2:17  Zergling x2  
  25  2:21  Zergling x2  
  27  2:25  Zergling x2  
  27  2:28  Zergling x2  
  29  2:34  Baneling Nest  
  28  2:41  Overlord  
  28  3:02  Drone  
  28  3:03  Drone  
  28  3:04  Drone x4  
  34  3:24  Baneling x3  
  34  3:25  Baneling  
  31  3:42  Zergling x2  
  31  3:43  Zergling x12  
  36  3:54  Zergling x2  
  36  3:55  Zergling x8  
  40  4:00  Lair, Evolution Chamber  
  39  4:11  Drone x5  
  44  4:19  Extractor  
  44  4:20  Drone  
  40  4:46  Baneling  
  32  5:11  Drone x3  
  32  5:12  Hydralisk Den  
  34  5:22  Drone x3  
  34  5:25  Extractor  
  36  5:28  Extractor  
  36  5:32  Drone x3  
  38  5:38  Infestation Pit  
  38  5:41  Drone x2  
  38  5:42  Drone x3  
  42  5:43  Drone  
  43  5:53  Overlord x2  
  43  5:57  Spore Crawler  
  43  6:00  Zergling x2, Hatchery  
  43  6:01  Zergling x4  
  44  6:07  Spine Crawler  
  43  6:15  Zergling x2, Spine Crawler x2  
  43  6:16  Zergling x4  
  39  6:40  Baneling x6  
  39  6:46  Overlord x4  
  23  7:04  Zergling x16  
  23  7:05  Zergling x2  
  23  7:06  Zergling x4  
  26  7:15  Hydralisk Den  
  26  7:17  Drone  
  23  7:35  Drone x3  
  20  7:52  Baneling x4  
  20  7:53  Baneling  
  21  8:21  Drone x2  
Tags
 
Add a new tag
Caveats
  • Supply blocks, unpowered buildings, or Contaminate may cause inaccurate times.
  • Supply counts are checked every 10 seconds.